 Dungeon Crawl Stone Soup version 0.18.1-48-g4cf74bf (webtiles) character file.

1172 roguesci the Changer (level 8, 0/42 HPs)
             Began as a Vine Stalker Transmuter on July 21, 2016.
             Was an Initiate of Cheibriados.
             Slain by Situis's ghost (9 damage)
             ... on level 5 of the Dungeon.
             The game lasted 00:17:17 (4781 turns).

roguesci the Changer (Vine Stalker Transmuter)      Turns: 4781, Time: 00:17:18

Health: 0/42       AC:  2    Str: 14    XL:     8   Next: 41%
Magic:  0/15       EV: 21    Int: 16    God:    Cheibriados [......]
Gold:   94         SH:  0    Dex: 21    Spells: 2 memorised, 12 levels left

rFire  . . .     SeeInvis .       - Unarmed
rCold  . . .     Gourm    .     (armour currently unavailable)
rNeg   . . .     Faith    .     (shield currently unavailable)
rPois  x         Spirit   +     (helmet currently unavailable)
rElec  .         Dismiss  .     (cloak currently unavailable)
rCorr  .         Reflect  .     (gloves currently unavailable)
SustAt .         Harm     .     (boots currently unavailable)
MR     +....                    (no amulet)
Stlth  +++.......               (no ring)
                                (no ring)

@: spider-form (expiring), very slow, somewhat resistant to hostile
enchantments, fairly stealthy
A: (fangs 0), regeneration 2, magic shield, (antimagic bite), no device heal 3,
rot immunity
a: End Transformation, Bend Time, Renounce Religion


You were on level 5 of the Dungeon.
You worshipped Cheibriados.
Cheibriados was noncommittal.
You were full.
You were a venomous arachnid creature.
You visited 2 branches of the dungeon, and saw 6 of its levels.

You collected 353 gold pieces.
You spent 259 gold pieces at shops.

Inventory:

Hand Weapons
 s - a +0 long sword
 x - a +3 falchion of slicing
 y - a +0 dagger of draining
Missiles
 a - 44 arrows
 G - 22 sling bullets
Armour
 b - a +0 robe
 F - a +0 leather armour of poison resistance (melded)
 H - a +0 cloak (melded)
 I - the +0 helmet of Claustrophobia (melded) {rElec rF- SInv}
   (You bought it in a shop on level 5 of the Dungeon)

   It makes you vulnerable to fire.
   It insulates you from electricity.
   It lets you see invisible.
 J - a +0 pair of boots (melded)
Jewellery
 o - an uncursed ring of flight
 K - an uncursed ring of magical power {unknown}
Wands
 j - a wand of flame (29/48)
 A - a wand of iceblast (7/15)
 B - a wand of lightning (8/15)
Scrolls
 e - a scroll of identify
 i - a scroll of vulnerability {unknown}
 k - a scroll of enchant armour {unknown}
 l - 2 scrolls of recharging {unknown}
 m - a scroll of amnesia {unknown}
 n - 3 scrolls of fog
 t - 2 scrolls of remove curse
 z - a scroll of random uselessness {unknown}
Potions
 f - 2 potions of resistance {unknown}
 g - a potion of cure mutation {unknown}
 h - a potion of magic {unknown}
 q - 2 potions of brilliance {unknown}
 r - 2 potions of curing {unknown}
 u - 3 potions of lignification {unknown}
 w - a potion of mutation {unknown}
 C - a potion of might {unknown}
 E - 2 potions of flight {unknown}
Books
 c - a book of Changes

   Spells                             Type                      Level
   a - Beastly Appendage              Transmutation                1
   b - Sticks to Snakes               Transmutation                2
   c - Spider Form                    Transmutation/Poison         3
   d - Ice Form                       Ice/Transmutation            4
   e - Blade Hands                    Transmutation                5
 v - a book of Conjurations

   Spells                             Type                      Level
   a - Magic Dart                     Conjuration                  1
   b - Searing Ray                    Conjuration                  2
   c - Dazzling Spray                 Conjuration/Hexes            3
   d - Fulminant Prism                Conjuration/Hexes            4
   e - Iskenderun's Mystic Blast      Conjuration                  4
   f - Iskenderun's Battlesphere      Conjuration/Charms           5
Comestibles
 d - 5 bread rations
 p - 3 beef jerkies
 D - 7 fruits
 L - 3 chunks of flesh


   Skills:
 * Level 3.6 Fighting
 + Level 2.3 Armour
 + Level 3.0 Dodging
 + Level 2.3 Stealth
 + Level 4.2 Unarmed Combat
 * Level 4.5 Spellcasting
 * Level 4.6 Transmutations
 - Level 2.7 Poison Magic


You had 12 spell levels left.
You knew the following spells:

 Your Spells              Type           Power        Failure   Level  Hunger
a - Beastly Appendage     Trmt           ###...       10%         1    None
b - Spider Form           Trmt/Pois      ###.......   28%         3    ###....


Dungeon Overview and Level Annotations

Branches:
Dungeon (5/15)             Temple (1/1) D:4

Altars:
Ashenzari
Cheibriados
Dithmenos
Elyvilon
Fedhas
Gozag
Kikubaaqudgha
Makhleb
Nemelex Xobeh
Pakellas
Qazlal
Ru
Sif Muna
Trog
Vehumet
Xom
Yredelemnul
Zin

Shops:
D:5 [

Annotations:
D:5 Situis's ghost, novice DsBe


Innate Abilities, Weirdness & Mutations

((You have razor-sharp teeth.))
You heal very quickly.
When hurt, damage is shared between your health and your magic reserves.
((Your bite disrupts and absorbs the magic of your enemies.))
Potions and wands cannot restore your health.
You are immune to rotting.


Message History

Your +0 cloak melds into your body.
The +0 helmet of Claustrophobia {rElec rF- SInv} melds into your body.
Your +0 pair of boots melds into your body.
Your +0 leather armour of poison resistance melds into your body.
You no longer feel resistant to poison.
Situis's ghost hits you. Situis's ghost hits you! Situis's ghost misses you.
Situis's ghost yells, "Who would have thought, even in death it is a pleasure to sever!"
There is an open door here.
You hit Situis's ghost.
Situis's ghost is lightly damaged.
Situis's ghost hits you! Situis's ghost hits you! Situis's ghost misses you.
You see here 18 arrows.
Situis's ghost hits you. Situis's ghost hits you!
* * * LOW HITPOINT WARNING * * *
Your transformation is almost over.
Situis's ghost hits you!
You die...

#######.##§...§ #....
#######.##..... #....
............_.. #....
.........#..... #....
.........# .... #....
.........###.## #....
.............# #....
.......W.##### #.###
.......s.# #.#
.........# #.#
.........###### #.#
............W<######.#
.........#...........#
##########.###########
#.# #.# #.#


You could see Situis's ghost.

Vanquished Creatures
  Pikel (D:5)
  Prince Ribbit (D:5)
  An orc warrior (D:3)
  A slave (D:5)
  A scorpion (D:5)
  3 worker ants (D:4)
  3 orc wizards (D:3)
  A hound skeleton (D:5)
  10 adders
  An ooze (D:1)
  2 dart slugs
  3 giant geckos
  11 orcs
  8 giant cockroaches
  5 goblins
  5 hobgoblins
  5 jackals (D:3)
  11 bats
  6 giant newts
  5 kobolds
  14 rats
  A butterfly (D:4)
99 creatures vanquished.

Notes
Turn   | Place    | Note
--------------------------------------------------------------
     0 | D:1      | roguesci the Vine Stalker Transmuter began the quest for the Orb.
     0 | D:1      | Reached XP level 1. HP: 9/9 MP: 4/4
    21 | D:1      | Reached skill level 1 in Fighting
    81 | D:1      | Reached XP level 2. HP: 11/14 MP: 3/6
   327 | D:1      | Reached XP level 3. HP: 18/18 MP: 7/7
   332 | D:1      | Learned a level 3 spell: Spider Form
   772 | D:2      | Found a shattered altar of Ashenzari.
   796 | D:2      | Reached XP level 4. HP: 23/23 MP: 6/8
   995 | D:2      | Found an oddly glowing altar of Pakellas.
  1019 | D:2      | Reached skill level 1 in Armour
  1083 | D:2      | Reached skill level 1 in Poison Magic
  1725 | D:3      | Noticed an orc warrior
  1870 | D:3      | Reached XP level 5. HP: 11/26 MP: 9/9
  2224 | D:3      | Killed an orc warrior
  2224 | D:3      | Gained mutation: You heal very quickly. [Vine Stalker growth]
  2224 | D:3      | Reached XP level 6. HP: 12/30 MP: 2/11
  2641 | D:3      | Found a shadowy altar of Dithmenos.
  2642 | D:3      | Found a deep blue altar of Sif Muna.
  2863 | D:4      | Found a staircase to the Ecumenical Temple.
  2866 | D:4      | Found a shadowy altar of Dithmenos.
  2875 | Temple   | Entered the Ecumenical Temple
  2958 | Temple   | Became a worshipper of Cheibriados the Contemplative
  4022 | D:5      | Entered Level 5 of the Dungeon
  4022 | D:5      | Noticed Situis's ghost (novice DsBe)
  4290 | D:5      | Found Odankywo's Armour Emporium.
  4310 | D:5      | Bought a cursed +0 cloak for 38 gold pieces
  4310 | D:5      | Bought the +0 helmet of Claustrophobia {rElec rF- SInv} for 172 gold pieces
  4310 | D:5      | Bought a +0 pair of boots for 49 gold pieces
  4342 | D:5      | Noticed a slave
  4342 | D:5      | Noticed a slave
  4343 | D:5      | Noticed Pikel
  4344 | D:5      | Noticed a slave
  4364 | D:5      | Noticed a slave
  4367 | D:5      | Killed a slave
  4375 | D:5      | Killed Pikel
  4375 | D:5      | Reached skill level 1 in Stealth
  4375 | D:5      | Reached XP level 7. HP: 23/36 MP: 3/14
  4375 | D:5      | Gained mutation: You have razor-sharp teeth. [Vine Stalker growth]
  4375 | D:5      | Reached XP level 8. HP: 26/40 MP: 3/15
  4516 | D:5      | Found a stormy altar of Qazlal.
  4731 | D:5      | Noticed Prince Ribbit
  4747 | D:5      | Killed Prince Ribbit
  4781 | D:5      | Slain by Situis's ghost

Skill      XL: |  1  2  3  4  5  6  7  8 |
---------------+-------------------------+-----
Fighting       | 1 2 3 |  3.6
Dodging        | 2 3 |  3.0
Armour         | 1 2 |  2.3
Poison Magic   | 1 2 |  2.7
Transmutations | 3 4 |  4.6
Spellcasting   | 4 |  4.5
Stealth        | 1 2 |  2.3
Unarmed Combat | 4 |  4.2

Action                   |  1- 3 |  4- 6 |  7- 9 || total
-------------------------+-------+-------+-------++-------
Melee: Unarmed           |    95 |   234 |    29 ||   358
       Bite              |    16 |    32 |     5 ||    53
       Headbutt          |     1 |     2 |       ||     3
       Punch             |     1 |     1 |     1 ||     3
       Kick              |       |     4 |       ||     4
 Cast: Beastly Appendage |     4 |     7 |       ||    11
       Spider Form       |       |    10 |     3 ||    13
  Use: Scroll            |       |     7 |       ||     7
 Stab: Sleeping          |     2 |     3 |       ||     5
  Eat: Fruit             |       |    20 |       ||    20
       Chunk             |       |     2 |       ||     2
Armor: Robe              |    29 |    17 |       ||    46
       Skin              |       |     5 |       ||     5
       Leather armour    |       |       |     3 ||     3
Dodge: Dodged            |    50 |   144 |    23 ||   217
